 Dungeon Crawl Stone Soup version 0.31-a0-631-g285b096dc4 (webtiles) character file.

Game seed: 16808061787412815821

2468 Voda the Basher (level 9, -29/52 HPs)
             Began as a Gargoyle Fighter on Aug 25, 2023.
             Was an Initiate of Yredelemnul.
             Annihilated by an orc warlord
             ... wielding a +8 broad axe
              (31 damage)
             ... in a bailey.
             The game lasted 00:37:53 (5580 turns).

Voda the Basher (Gargoyle Fighter)                  Turns: 5580, Time: 00:37:54

Health: -29/52     AC: 20    Str: 24    XL:     9   Next: 51%
Magic:  9/9        EV:  8    Int:  9    God:    Yredelemnul [......]
Gold:   280        SH:  4    Dex:  9    Spells: 8/8 levels left

rFire   . . .        a - +1 flail
rCold   + . .        c - +0 buckler
rNeg    + . .        t - +2 chain mail {rC+}
rPois   ∞            (no helmet)
rElec   +            (no cloak)
rCorr   .            x - +0 pair of gloves
SInv    .            h - +0 pair of boots
Will    .....        (no amulet) Stlth
                     r - ring of willpower
HPRegen 0.28/turn    (no ring)
MPRegen 0.11/turn

%: no passive effects
@: weak-willed
A: sickness immunity, AC +6, negative energy resistance 1, electricity
resistance, torment resistance 1, petrification resistance
a: Renounce Religion, Recall Undead Harvest


You were in a bailey.
You worshipped Yredelemnul.
Yredelemnul was noncommittal.
You visited 2 branches of the dungeon, and saw 8 of its levels.
You also visited: Bailey.

You collected 346 gold pieces.
You spent 66 gold pieces at shops.

Inventory:

Hand Weapons
 a - a +1 flail (weapon)
Missiles
 g - 3 datura-tipped darts
 k - 4 javelins
 l - 6 boomerangs
 m - 2 throwing nets
Armour
 c - a +0 buckler (worn)
 h - a +0 pair of boots (worn)
 t - a +2 chain mail of cold resistance (worn)
 x - a +0 pair of gloves (worn)
Jewellery
 r - a ring of willpower (left hand)
Wands
 n - a wand of charming (1)
 s - a wand of flame (6) (quivered)
 B - a wand of polymorph (12)
Scrolls
 b - a scroll of acquirement
 d - 3 scrolls of immolation
 p - 3 scrolls of noise
 q - 2 scrolls of brand weapon
 D - 3 scrolls of enchant weapon
Potions
 e - 6 potions of enlightenment
 f - 3 potions of resistance
 j - 3 potions of mutation
 u - 4 potions of might
 w - a potion of lignification
 C - a potion of haste {unknown}
 F - a potion of invisibility {unknown}


   Skills:
 - Level 4.0 Fighting
 * Level 12.1 Maces & Flails
 - Level 3.9 Armour
 - Level 4.0 Shields


You had 8 spell levels left.
You didn't know any spells.
Your spell library contained the following spells:

 Spells                   Type           Power      Damage    Failure   Level
 Sting                    Tmut/Pois      0%         1d3       95%         1
 Poisonous Vapours        Pois/Air       0%         N/A       99%         2
 Olgreb's Toxic Radiance  Pois           0%         N/A       100%        4


Dungeon Overview and Level Annotations

Branches:
Dungeon (7/15)             Temple (1/1) D:6          Bailey (1/1)

Altars:
Dithmenos
Gozag
Kikubaaqudgha
Makhleb
Okawaru
Qazlal
Ru
Sif Muna
Trog
Uskayaw
Vehumet
Wu Jian
Xom
Yredelemnul
Zin

Shops:
D:4 *

Annotations:
D:2 Sigmund
D:6 Jeremiah


Innate Abilities, Weirdness & Mutations

You are immune to sickness and miasma.
Your stone body is resilient. (AC +6)
You are immune to poison.
You resist negative energy. (rN+)
You are resistant to electric shocks. (rElec)
You are resistant to unholy torment.
You are immune to petrification.


Message History

The orc warlord splashes around in the water.
Unknown command.
Aiming: Throw Flame
Press: ? - help, Shift-Dir - straight line, f/p - orc warlord
Aim: an orc warlord, wielding a +8 broad axe and wearing a +0 plate armour (purple smoke, almost dead, weak-willed, 81% to hit)
The puff of flame hits the orc warlord.
The orc warlord is almost dead.
The orc warlord hits you but does no damage.
Aiming: Throw Flame
Press: ? - help, Shift-Dir - straight line, f/p - orc warlord
Aim: an orc warlord, wielding a +8 broad axe and wearing a +0 plate armour (purple smoke, almost dead, weak-willed, 81% to hit)
The puff of flame hits the orc warlord but does no damage.
The orc warlord is almost dead.
The orc warlord hits you with a +8 broad axe!
* * * LOW HITPOINT WARNING * * *
Okay, then.
Aiming: Throw Flame
Press: ? - help, Shift-Dir - straight line, f/p - orc warlord
Aim: an orc warlord, wielding a +8 broad axe and wearing a +0 plate armour (purple smoke, almost dead, weak-willed, 81% to hit)
The puff of flame hits the orc warlord but does no damage.
The orc warlord is almost dead.
The orc warlord hits you with a +8 broad axe.
* * * LOW HITPOINT WARNING * * *
Aiming: Throw Flame
Press: ? - help, Shift-Dir - straight line, f/p - orc warlord
Aim: an orc warlord, wielding a +8 broad axe and wearing a +0 plate armour (purple smoke, almost dead, weak-willed, 81% to hit)
The puff of flame hits the orc warlord but does no damage.
The orc warlord is almost dead.
The orc warlord hits you but does no damage.
Press: ? - help, v - describe, . - travel
Here: an orc warlord, wielding a +8 broad axe and wearing a +0 plate armour (purple smoke, almost dead, weak-willed) Some shallow water.
You hit the orc warlord but do no damage.
The orc warlord is almost dead.
You hit the orc warlord but do no damage.
The orc warlord is almost dead.
The orc warlord hits you with a +8 broad axe!!
Ouch! That really hurt!
You die...
Your body rises from the dead as a mindless zombie.

##.....## ##.....##
##.......#######.......##
##..8..8...).....).8..8..##
#................)........#
#..........)..............#
#...8......#'''#......8...#
##......####§§~####......##
♣##.....#~§§o§§~~~#.....##♣
♣.##....#~§8@§§8.~#....##.♣
♣♣..###'###§§§§§..###'###..♣♣
♣...~~~o#~§§8§§.8.~~#.~~~...♣
♣♣...~~~.#~..§......~#.~~~...♣
♣∩...~~~.#~....∩....~#.~~~...∩
♣...~~~.##.........##.~~~...♣
♣...~~~(#~..8...8..~#.~~~...♣
♣♣..###)#~.........~#'###..♣♣
♣.##..(#~|.8...8.)~#...##.♣


You could see an orc warlord (weak-willed).

Vanquished Creatures
  4 orc warriors (Bailey)
  A black bear (D:7)
  6 ogres
  A centaur (D:7)
  A phantom (D:6)
  A bullfrog (D:7)
  A kobold brigand (D:5)
  2 scorpions (D:4)
  2 killer bees (D:7)
  An electric eel (D:6)
  3 quasits
  3 hounds
  2 jellies
  2 orc priests
  3 iguanas
  A gnoll bouda (D:4)
  Terence (D:3)
  An orc wizard (D:3)
  Ijyb (D:3)
  7 gnolls
  3 adders
  10 shadow imps
  6 white imps
  5 ufetubi
  A dart slug (D:3)
  16 orcs
  4 ball pythons
  8 endoplasms
  3 giant cockroaches
  10 goblins
  8 hobgoblins
  11 jackals
  A quokka (D:2)
  6 frilled lizards
  15 kobolds
  6 rats
157 creatures vanquished.

Vanquished Creatures (collateral kills)
  A centaur (D:7)
  An orc priest (D:7)
  A jelly (D:7)
  An orc (D:7)
  A hobgoblin (Bailey)
  2 kobolds (Bailey)
  2 goblins (D:7)
9 creatures vanquished.

Vanquished Creatures (others)
  An orc warrior (Bailey)
  2 killer bees (D:7)
  A centaur zombie (D:7)
  An ogre zombie (D:7)
  A goblin zombie (D:7)
  A hobgoblin zombie (Bailey)
  4 kobolds (D:5)
  9 kobold zombies (Bailey)
  4 orc zombies
24 creatures vanquished.

Grand Total: 190 creatures vanquished

Notes
Turn   | Place    | Note
-------+----------+-------------------------------------------
     0 | D:1      | Voda the Gargoyle Fighter began the quest for the Orb.
     0 | D:1      | Reached XP level 1. HP: 14/14 MP: 1/1
    51 | D:1      | Reached XP level 2. HP: 15/19 MP: 2/2
   421 | D:1      | Reached XP level 3. HP: 20/23 MP: 3/3
   957 | D:2      | Noticed Sigmund
  1336 | D:2      | Reached XP level 4. HP: 17/29 MP: 4/4
  1542 | D:3      | Reached skill level 3 in Maces & Flails
  1562 | D:3      | Identified the +2 chain mail "Jolued" {Will+ Int-4 Stlth+}
  1641 | D:3      | Noticed Ijyb
  1646 | D:3      | Killed Ijyb
  1647 | D:3      | Reached XP level 5. HP: 33/33 MP: 5/5
  1721 | D:3      | Noticed Terence
  1731 | D:3      | Killed Terence
  1757 | D:3      | Reached skill level 4 in Maces & Flails
  2346 | D:3      | Reached skill level 5 in Maces & Flails
  2346 | D:3      | Reached XP level 6. HP: 38/38 MP: 6/6
  2598 | D:3      | Reached skill level 6 in Maces & Flails
  2719 | D:4      | Reached XP level 7. HP: 42/43 MP: 7/7
  2797 | D:4      | Found Rejusare's General Store.
  2808 | D:4      | Bought a scroll of identify for 22 gold pieces
  2808 | D:4      | Bought a scroll of butterflies for 44 gold pieces
  3000 | D:4      | Reached skill level 7 in Maces & Flails
  3034 | D:4      | Found a stormy altar of Qazlal.
  3047 | D:4      | Noticed an air elemental
  3072 | D:4      | Noticed a fire elemental
  3072 | D:4      | Noticed a water elemental
  3250 | D:5      | Entered Level 5 of the Dungeon
  3479 | D:4      | Reached skill level 8 in Maces & Flails
  3541 | D:4      | Reached XP level 8. HP: 48/48 MP: 8/8
  3870 | D:5      | Reached skill level 9 in Maces & Flails
  4272 | D:6      | Identified the +1 rapier of the Howling Gods {freeze, rPois
                  | Will- Dex+2}
  4371 | D:6      | Reached skill level 10 in Maces & Flails
  4496 | D:6      | Found a staircase to the Ecumenical Temple.
  4499 | D:6      | Noticed Jeremiah
  4505 | Temple   | Entered the Ecumenical Temple
  4545 | Temple   | Became a worshipper of Yredelemnul the Dark
  4792 | D:7      | Reached XP level 9. HP: 40/52 MP: 9/9
  4915 | D:7      | Reached * piety under Yredelemnul
  4916 | D:7      | Reached skill level 11 in Maces & Flails
  5062 | D:7      | Found a flagged portal.
  5066 | D:7      | Reached ** piety under Yredelemnul
  5075 | Bailey   | Entered a bailey
  5117 | Bailey   | Noticed an orc warlord
  5270 | Bailey   | Found a runed translucent gate.
  5272 | Bailey   | Found a runed translucent gate.
  5273 | Bailey   | Found a runed translucent gate.
  5295 | Bailey   | Reached skill level 12 in Maces & Flails
  5577 | Bailey   | HP: 2/52 [orc warlord/+8 broad axe (2)]
  5580 | Bailey   | Annihilated by an orc warlord

Illustrated notes

Levels and vault maps discovered:
D:1:      kennysheep_arrival_forest, layout_loops_ring
D:2:      layout_basic, uniq_crazy_yiuf_cottage, uniq_sigmund
D:3:      layout_basic, uniq_ijyb, uniq_terence
D:4:      layout_rooms, nicolae_qazlal_style_of_elements, serial_shops, shop,
          serial_demonic, serial_demonic_f, serial_demonic_c, serial_demonic_c,
          serial_demonic_g, serial_demonic_a, serial_demonic_f,
          serial_demonic_a, serial_demonic_g, serial_demonic_g, serial_demonic_d
D:5:      layout_rooms, nrook_campfire, minmay_misc_feat_ornament, st_stairs_3
D:6:      layout_basic, minmay_temple_entry_water_ring, minivault_14,
          chequers_serial_rivers_large_a, uniq_jeremiah
D:7:      layout_cave_pods, enter_bailey_3, minmay_misc_feat_pillars
Temple:   zaba_magenta_temple
Bailey:   bailey_axe_bossmonster_kennysheep, bailey

Skill      XL: |  1  2  3  4  5  6  7  8  9 |
---------------+----------------------------+-----
Fighting       | 4 |  4.0
Shields        | 4 |  4.0
Maces & Flails | 3 5 6 8 10 12 | 12.1
Armour         | |  3.9

Action                     |  1- 3 |  4- 6 |  7- 9 || total
---------------------------+-------+-------+-------++-------
  Melee: Flail             |   149 |   190 |   331 ||   670
  Throw: Dart              |       |       |    28 ||    28
         Boomerang         |       |       |     8 ||     8
         Javelin           |       |       |     6 ||     6
         Throwing net      |       |       |     2 ||     2
 Invoke: Dark Bargain      |       |       |     1 ||     1
  Evoke: Wand              |       |     1 |    29 ||    30
    Use: Potion            |     1 |       |     6 ||     7
         Scroll            |     3 |     4 |    11 ||    18
   Stab: Distracted        |       |       |     1 ||     1
 Armour: Scale mail        |    91 |     9 |       ||   100
         Chain mail        |       |   248 |   250 ||   498
  Dodge: Dodged            |    87 |   147 |   149 ||   383
  Block: Buckler           |    34 |    60 |    70 ||   164

Table legend: (Time is in decaauts)
 A = Elapsed time spent in this place.
 B = Non-inter-level travel time spent in this place.
 C = Inter-level travel time spent in this place.
 D = Time resting spent in this place.
 E = Time spent auto-exploring this place.
 F = Levels seen in this place.
 G = Mean time per level.
                   A        B        C        D        E       F      G
               +--------+--------+--------+--------+--------+-----+--------+
         Total |   5692 |   5434 |    258 |    887 |   1432 |   9 |  632.4 |
       Dungeon |   5128 |   4870 |    258 |    692 |   1408 |   7 |  732.6 |
        Temple |     65 |     65 |      0 |      0 |      0 |   1 |   65.0 |
        Bailey |    497 |    497 |      0 |    195 |     24 |   1 |  497.0 |
               +--------+--------+--------+--------+--------+-----+--------+

Top non-repeatable levels by time:
     D:4: 1192 daAuts
     D:3: 1158 daAuts
     D:1: 896 daAuts
     D:2: 533 daAuts
     D:6: 499 daAuts
  Bailey: 497 daAuts
     D:5: 452 daAuts
     D:7: 395 daAuts
  Temple: 65 daAuts
